 Dungeon Crawl Stone Soup version 0.28-a0-1429-gf3d713df7a (webtiles) character file.

Game seed: 6849066177156299185

158 HallandMoats the Shield-Bearer (level 5, -1/46 HPs)
             Began as a Ghoul Fighter on Jan 9, 2022.
             Slain by Edmund (4 damage)
             ... on level 4 of the Dungeon.
             The game lasted 00:02:45 (2960 turns).

HallandMoats the Shield-Bearer (Ghoul Fighter)      Turns: 2960, Time: 00:02:46

Health: -1/46      AC:  6    Str: 20    XL:     5   Next: 40%
Magic:  5/5        EV:  9    Int:  5    God:
Gold:   78         SH:  4    Dex:  8    Spells: 4/4 levels left

rFire   . . .      SeeInvis .     - Unarmed
rCold   + . .      Faith    .   b - +0 buckler
rNeg    + + +      Spirit   .   a - +0 scale mail
rPois   ∞          Reflect  .   (no helmet)
rElec   .          Harm     .   (no cloak)
rCorr   .          Rampage  .   (no gloves)
Will    .....                   (no boots)
Stlth   ..........              (no amulet)
HPRegen 0.00/turn               (no ring)
MPRegen 0.09/turn               (no ring)

@: about to teleport, attractive, flying, inhibited regen
A: claws 1, cold resistance 1, negative energy resistance 3, inhibited
regeneration, torment resistance 2
a: no special abilities


You were on level 4 of the Dungeon.
You visited 1 branch of the dungeon, and saw 4 of its levels.

You collected 78 gold pieces.

Inventory:

Armour
 a - a +0 scale mail (worn)
 b - a +0 buckler (worn)
Jewellery
 h - a ring of resist corrosion
Scrolls
 d - a scroll of noise {unknown}
 f - a scroll of fog {unknown}
 g - a scroll of acquirement {unknown}
 i - a scroll of teleportation
 j - a scroll of brand weapon {unknown}
 m - a scroll of silence {unknown}
 n - 2 scrolls of identify {unknown}
 o - a scroll of summoning {unknown}


   Skills:
 + Level 3.8 Fighting
 + Level 3.2 Armour
 + Level 1.2 Dodging
 * Level 3.8 Shields
 + Level 3.0 Unarmed Combat
 + Level 1.6 Invocations


You had 4 spell levels left.
You didn't know any spells.
Your spell library contained the following spells:

 Spells                   Type           Power      Damage    Failure   Level
 Slow                     Hex            0%         N/A       89%         1
 Static Discharge         Conj/Air       0%         N/A       96%         2
 Confusing Touch          Hex            0%         N/A       99%         3
 Vampiric Draining        Necr           0%         2d6       99%         3
 Dispel Undead            Necr           0%         3d6       100%        4
 Sticky Flame             Conj/Fire      0%         2d3       100%        4


Dungeon Overview and Level Annotations

Branches:
Dungeon (4/15)
 Temple: D:4-7

Altars:
Fedhas

Annotations:
D:4 Edmund, Sigmund


Innate Abilities, Weirdness & Mutations

You thrive by killing the living.
You are immune to poison.
You have sharp fingernails.
Your flesh is cold resistant. (rC+)
You are immune to negative energy. (rN+++)
You do not regenerate when monsters are visible.
You are immune to unholy pain and torment.


Message History

* * * LOW HITPOINT WARNING * * *
You scratch something.
You feel better.
Reactivating autopickup.
The crimson imp disappears in a puff of smoke!
You feel a bit more experienced.
Your Unarmed Combat skill increases to level 3!
You feel yourself speed up.
You see here a +0 robe.
You start resting.
You feel a little less mighty now.
You start resting.
HP restored.
Edmund the Younger comes into view.
He is wielding a +2 vorpal flail.
Edmund shouts!
Edmund is nearby!
Edmund is nearby!
Edmund is nearby!
Edmund is nearby!
You claw Edmund!
Edmund is lightly wounded.
Edmund hits you with a +2 vorpal flail.
It was a potion of attraction.
You feel attractive to monsters. Edmund hits you with a +2 vorpal flail.
It was a potion of flight.
You feel very buoyant.
You fly up into the air.
Edmund hits you with a +2 vorpal flail!
It was a potion of lignification.
You feel woody for a moment. Edmund hits you with a +2 vorpal flail.
You scratch Edmund.
Edmund is moderately wounded.
Edmund hits you with a +2 vorpal flail.
You claw Edmund!
Edmund is moderately wounded.
Edmund hits you with a +2 vorpal flail!
* * * LOW HITPOINT WARNING * * *
x2
As you read the scroll labelled WEEPOK BOMU, it crumbles to dust.
You feel strangely unstable.
It was a scroll of teleportation.
Edmund hits you with a +2 vorpal flail.
You die...

..#......###.##..#..#
..........#..........
##............#..# ##
#............##### #..
#..............##
.####....#######...........###
...... ....###........>.....#
......###.................#..#
......#.# #..##@.#.......##..#
..!.....####.#@..##...#.....##
..................##..#....##
...........#...#...#.##....#
..........###.###.....#[..##
..#....##.#....###....###..# .
##... ###..#............##
#... #..#...####.#...# .....
#.....###......##


You could see Edmund.

Vanquished Creatures
  An orc priest (D:3)
  Natasha (D:4)
  2 gnolls (D:3)
  2 adders
  A worm (D:2)
  3 dart slugs
  3 orcs
  5 ball pythons
  5 bats
  3 endoplasms
  6 giant cockroaches
  4 goblins
  4 hobgoblins
  3 quokkas
  3 frilled lizards (D:1)
  3 kobolds
  6 rats
55 creatures vanquished.

Notes
Turn   | Place    | Note
-------+----------+-------------------------------------------
     0 | D:1      | HallandMoats the Ghoul Fighter began the quest for the Orb.
     0 | D:1      | Reached XP level 1. HP: 19/19 MP: 0/0
   240 | D:1      | Reached XP level 2. HP: 23/26 MP: 1/1
   586 | D:1      | Reached XP level 3. HP: 30/31 MP: 2/2
  1221 | D:2      | Reached skill level 1 in Invocations
  1633 | D:2      | Found a faded altar of an unknown god.
  1697 | D:2      | Reached XP level 4. HP: 38/38 MP: 3/3
  1868 | D:3      | Reached skill level 1 in Dodging
  2011 | D:3      | Found a blossoming altar of Fedhas.
  2350 | D:4      | Noticed Sigmund
  2373 | D:3      | Reached XP level 5. HP: 25/46 MP: 5/5
  2701 | D:4      | Noticed Natasha
  2715 | D:4      | Killed Natasha
  2943 | D:4      | Noticed Edmund
  2960 | D:4      | Slain by Edmund

Illustrated notes

Levels and vault maps discovered:
D:1:      noname_arrival_rooms_in_the_neighbourhood, layout_basic
D:2:      layout_loops_ring, shapermc_ecumenical_altar_hornbeckon, minivault_11,
          hangedman_abyss_or_decor_stabs, kennysheep_another_room,
          grunt_ministairs_13
D:3:      layout_rooms, fedhas_altar_2, fountainhead
D:4:      layout_cave_pools, lemuel_mausoleum_altar_kikubaaqudgha,
          minmay_temple_entry_statues_pillars, uniq_sigmund,
          uniq_crazy_yiuf_cottage, uniq_edmund, uniq_natasha

Skill      XL: |  1  2  3  4  5 |
---------------+----------------+-----
Shields        | 3 |  3.8
Invocations    | 1 |  1.6
Armour         | 3 |  3.2
Dodging        | 1 |  1.2
Unarmed Combat | 3 |  3.0
Fighting       | |  3.8

Action                   |  1- 3 |  4- 6 || total
-------------------------+-------+-------++-------
Melee: Unarmed           |   154 |    86 ||   240
  Use: Potion            |       |     4 ||     4
       Scroll            |       |     1 ||     1
Armor: Scale mail        |    73 |    17 ||    90
Dodge: Dodged            |    72 |    32 ||   104
Block: Buckler           |    35 |    11 ||    46

Table legend: (Time is in decaauts)
 A = Elapsed time spent in this place.
 B = Non-inter-level travel time spent in this place.
 C = Inter-level travel time spent in this place.
 D = Time resting spent in this place.
 E = Time spent auto-exploring this place.
 F = Levels seen in this place.
 G = Mean time per level.
                   A        B        C        D        E       F      G
               +--------+--------+--------+--------+--------+-----+--------+
         Total |   2976 |   2869 |    107 |    445 |   1923 |   4 |  744.0 |
       Dungeon |   2976 |   2869 |    107 |    445 |   1923 |   4 |  744.0 |
               +--------+--------+--------+--------+--------+-----+--------+

Top non-repeatable levels by time:
     D:1: 909 daAuts
     D:3: 889 daAuts
     D:2: 847 daAuts
     D:4: 330 daAuts
